 Dungeon Crawl Stone Soup version 0.19.1 (webtiles) character file.

112217 markt42 the Bludgeoner (level 16, -8/94 HPs)
             Began as a Gargoyle Fighter on Dec 24, 2016.
             Was the Champion of Okawaru.
             Mangled by a swamp dragon (10 damage)
             ... on level 4 of the Swamp.
             The game lasted 00:48:19 (31842 turns).

markt42 the Bludgeoner (Gargoyle Fighter)          Turns: 31842, Time: 00:48:19

Health: -8/94      AC: 40    Str: 34    XL:     16   Next: 59%
Magic:  0/16       EV:  7    Int: 18    God:    Okawaru [******]
Gold:   1219       SH:  0    Dex: 11    Spells: 0 memorised, 15 levels left

rFire  . . .     SeeInvis .     S - +11 great mace "Oxaebuer" {flame, rC+ MR+ Int+3}
rCold  + . .     Gourm    .     v - +0 plate armour of Gouqoxa {*Drain MR+ Int+2}
rNeg   + . .     Faith    .     (shield currently unavailable)
rPois  ∞         Spirit   +     Y - +2 hat
rElec  +         Reflect  .     A - +2 cloak {MR+}
rCorr  .         Harm     .     M - +1 pair of gloves
MR     +++++     Clarity  +     e - +2 pair of boots {run}
Stlth  ..........               F - amulet of guardian spirit
                                U - +4 ring of strength
                                w - ring "Katsoybb" {Wiz *Contam rPois Str+7}

@: grasped by roots, studying Fighting, slow
A: antennae 1, big wings, yellow scales 1, clarity, clever 1, deterioration 1,
frail 1, magic resistance 1, negative energy resistance 1, screaming 1,
electricity resistance, unbreathing, petrification resistance, rot immunity, AC
+11
a: Fly, Heroism, Finesse, Renounce Religion


You were on level 4 of the Swamp.
You worshipped Okawaru.
Okawaru was exalted by your worship.
You were not hungry.

You visited 4 branches of the dungeon, and saw 24 of its levels.
You also visited: Ice Cave.

You collected 2514 gold pieces.
You spent 1295 gold pieces at shops.

Inventory:

Hand Weapons
 I - a +3 eveningstar of pain
 S - the +11 great mace "Oxaebuer" (weapon) {flame, rC+ MR+ Int+3}
   (Okawaru gifted it to you on level 4 of the Lair of Beasts)

   It has been specially enchanted to burn those struck by it, causing extra
   injury to most foes and up to half again as much damage against particularly
   susceptible opponents.
   It affects your intelligence (+3).
   It protects you from cold.
   It affects your resistance to hostile enchantments.
Armour
 c - a +0 shield
 e - a +2 pair of boots of running (worn)
 v - the +0 plate armour of Gouqoxa (worn) {*Drain MR+ Int+2}
   (You bought it in a shop on level 2 of the Orcish Mines)

   It affects your intelligence (+2).
   It affects your resistance to hostile enchantments.
   It causes draining when unequipped.
 A - a +2 cloak of magic resistance (worn)
 M - a +1 pair of gloves (worn)
 Y - a +2 hat (worn)
Jewellery
 d - an uncursed ring of see invisible
 w - the ring "Katsoybb" (left hand) {Wiz *Contam rPois Str+7}
   (You found it on level 3 of the Lair of Beasts)

   [ring of wizardry]

   It improves your spell success rate.
   It affects your strength (+7).
   It protects you from poison.
   It causes magical contamination when unequipped.
 D - an uncursed ring of protection from cold
 F - an amulet of guardian spirit (around neck)
 H - an uncursed ring of protection from magic
 U - a +4 ring of strength (right hand)
Wands
 b - a wand of flame (23/48)
 r - a wand of digging (19/24)
 y - a wand of teleportation (5/9)
 C - a wand of heal wounds (8/9)
 R - a wand of acid (4/15)
 T - a wand of iceblast (11/15)
Scrolls
 h - 12 scrolls of remove curse
 i - 6 scrolls of recharging
 j - 12 scrolls of teleportation
 l - 14 scrolls of identify
 o - 7 scrolls of amnesia
 t - a scroll of blinking
 Q - a scroll of enchant weapon
 W - a scroll of magic mapping
Potions
 a - a potion of ambrosia
 k - 2 potions of lignification
 n - a potion of brilliance
 u - 3 potions of curing
 x - 3 potions of agility
 z - a potion of might
 G - 3 potions of flight
 L - a potion of haste
 V - 3 potions of resistance
 Z - 3 potions of berserk rage
Books
 q - a manual of Fighting
Comestibles
 f - 10 bread rations
 g - 14 meat rations
 m - 10 fruits
 E - 5 beef jerkies
 N - 2 slices of pizza


   Skills:
 + Level 13.8 Fighting
 * Level 20.4 Maces & Flails
 + Level 12.6 Armour
 + Level 4.6 Dodging
 + Level 11.3 Shields


You had 15 spell levels left.
You didn't know any spells.

Dungeon Overview and Level Annotations

Branches:
Dungeon (12/15)            Temple (0/1) D:7            Lair (6/6) D:10
  Swamp (4/4) Lair:4       Spider (0/4) Lair:4        Slime (0/5) Lair:5
    Orc (2/2) D:12            Elf (0/3) Orc:2

Altars:
Elyvilon
Fedhas
Gozag
Hepliaklqana
Kikubaaqudgha
Okawaru
Trog
Vehumet
Zin

Shops:
Orc:1 [   Orc:2 ?[[=

Portals:
Trove: D:12 (give horn of Geryon)


Innate Abilities, Weirdness & Mutations

You are resistant to torment.
Your stone body is resilient. (AC +11)
You are immune to poison.
Your large and strong wings let you fly indefinitely.
You resist negative energy. (rN+)
You are resistant to electric shocks. (rElec)
You can survive without breathing.
You are immune to petrification.
You are immune to rotting.
You have a pair of small antennae on your head.
You are partially covered in yellow scales. (AC +2)
You possess an exceptional clarity of mind.
Your mind is acute. (Int +2)
Your body sometimes deteriorates upon taking damage.
You are frail. (-10% HP)
You are resistant to hostile enchantments. (MR+)
You occasionally shout uncontrollably at your foes.


Message History

You feel better.
The six-headed hydra bites you but does no damage. x2
The six-headed hydra completely misses you.
The six-headed hydra bites you but does no damage. x3
The blink frog blinks!
The swamp dragon bites you!
* * * LOW HITPOINT WARNING * * *
The swamp dragon claws you but does no damage.
The swamp dragon barely misses you.
The shambling mangrove hits you but does no damage.
A four-headed hydra comes into view.
You barely miss the shambling mangrove.
The shambling mangrove is almost destroyed.
The six-headed hydra bites you!
* * * LOW HITPOINT WARNING * * *
The six-headed hydra bites you but does no damage. x3
The six-headed hydra barely misses you.
The six-headed hydra bites you but does no damage.
The swamp dragon bites you but does no damage.
The swamp dragon claws you!
You die...

≈..♣♣♣♣♣♣ .≈§..♣
.≈.≈≈≈..♣♣♣ ≈≈≈≈.♣
≈≈≈≈≈≈≈...♣♣♣♣≈≈≈≈.♣
≈≈≈≈≈≈≈≈≈≈§♣≈≈.≈≈D≈.♣
≈≈≈≈≈≈≈≈≈≈≈.≈...≈≈≈.
≈≈.♣♣≈.....≈≈†§≈♣
..≈≈≈.......≈≈≈≈♣
≈≈.....≈.≈♣§≈≈f≈♣
♣♣≈..≈≈♣♣♣<≈@DD♣
♣≈≈≈≈≈..≈♣♣.D≈§.#
♣.≈..≈≈≈≈♣♣♣♣♣≈♣##
≈..≈≈≈.≈≈≈♣ .#
≈.≈≈.♣♣≈≈≈≈ ♣# ≈≈..♣
♣♣≈≈♣♣ ..≈≈ ♣♣♣♣ ♣..


You could see a shambling mangrove, a six-headed hydra, a four-headed hydra and
2 swamp dragons.

Vanquished Creatures
  Rupert (Lair:3)
  Louise (Swamp:1)
  The ghost of evildog the Severer, a journeyman MiFi of Hepliaklqana (Lair:6)
  5 dire elephants (Lair:6)
  Snorg (D:10)
  Josephine (Orc:2)
  10 hydras
  A ghost crab (Swamp:3)
  A catoblepas (Lair:6)
  An anaconda (Lair:6)
  9 alligators
  A centaur warrior (D:12)
  3 death yaks (Lair:4)
  The ghost of Slime the Prestidigitator, a novice DDAr of Nemelex Xobeh (D:10)
  5 orc high priests (Orc:2)
  2 spriggan druids (Swamp:4)
  4 skeletal warriors
  2 unseen horrors (D:12)
  6 hill giants
  8 swamp dragons
  A shambling mangrove (Swamp:2)
  Pikel (D:6)
  8 orc knights
  7 orc sorcerers
  5 cyclopes
  An ugly thing (D:11)
  2 manticores (D:12)
  An oklob plant (D:12)
  8 elephants
  Maurice (D:12)
  6 black mambas
  11 spiny frogs
  A gargoyle (D:12)
  2 centaur zombies (D:11)
  8 komodo dragons
  2 kobold demonologists (D:12)
  3 rime drakes
  2 ice devils (Lair:3)
  5 tyrant leeches
  6 polar bears
  A two-headed ogre (D:12)
  4 trolls
  Grinder (D:4)
  8 bog bodies
  A hornet (Swamp:1)
  17 blink frogs
  9 dream sheep
  25 slime creatures
  8 hippogriffs
  4 wraiths (Orc:2)
  2 spriggans
  2 shadows (Swamp:2)
  5 wyverns
  2 hungry ghosts
  Grum (D:8)
  43 yaks
  2 basilisks
  17 vampire mosquitoes
  Menkaure (D:4)
  7 insubstantial wisps
  3 wargs
  2 steam dragons
  14 swamp worms
  7 water moccasins
  11 porcupines
  4 slaves
  26 orc warriors
  14 swamp drakes
  3 ice beasts
  2 necrophages
  3 phantoms
  2 black bears (D:8)
  4 sky beasts
  11 ogres
  9 centaurs
  7 wolves
  The ghost of Paps the Shield-Bearer, an amateur GrFi (D:3)
  13 crocodiles
  3 big kobolds
  15 bullfrogs
  A gnoll sergeant (D:9)
  7 scorpions
  25 killer bees
  8 wights
  The ghost of dscm the Sneak, a weakling OpEE (D:4)
  3 electric eels (Lair:5)
  3 howler monkeys
  7 crimson imps
  3 bullfrog zombies
  A quasit (D:10)
  6 jellies
  2 centaur skeletons
  9 hounds
  31 orc wizards
  21 orc priests
  3 bullfrog skeletons
  Terence (D:3)
  2 iguanas
  12 worker ants
  7 hell rats (Lair:2)
  A killer bee zombie (D:9)
  A hound zombie (D:6)
  2 hound skeletons
  A worker ant zombie (D:8)
  A howler monkey skeleton (D:4)
  10 adders
  7 gnolls
  2 shadow imps
  2 oozes
  An adder zombie (D:7)
  4 worms
  2 dart slugs (D:1)
  7 leopard geckos
  103 orcs
  8 giant cockroaches
  7 goblins
  7 hobgoblins
  11 jackals
  15 kobolds
  4 quokkas
  2 ball pythons (D:3)
  3 bats
  4 frilled lizards
  A leopard gecko skeleton (D:7)
  9 rats
  3 plants
830 creatures vanquished.

Vanquished Creatures (others)
  2 insubstantial wisps (Swamp:4)
  A crocodile (Lair:3)
  9 fungi
  17 plants
29 creatures vanquished.

Grand Total: 859 creatures vanquished

Notes
Turn   | Place    | Note
-------+----------+-------------------------------------------
     0 | D:1      | markt42 the Gargoyle Fighter began the quest for the Orb.
     0 | D:1      | Reached XP level 1. HP: 14/14 MP: 1/1
   264 | D:1      | Reached XP level 2. HP: 19/19 MP: 2/2
   710 | D:2      | Found an iron altar of Okawaru.
   722 | D:2      | Became a worshipper of Warmaster Okawaru
   820 | D:2      | Reached XP level 3. HP: 21/23 MP: 3/3
  1286 | D:1      | Reached skill level 3 in Maces & Flails
  1305 | D:2      | Reached skill level 1 in Dodging
  1305 | D:2      | Reached XP level 4. HP: 18/28 MP: 4/4
  1721 | D:2      | Found a hazy altar of Hepliaklqana.
  2120 | D:3      | Noticed Terence
  2161 | D:3      | Reached XP level 5. HP: 20/32 MP: 5/5
  2166 | D:3      | Killed Terence
  2166 | D:3      | Reached skill level 4 in Maces & Flails
  2282 | D:3      | Noticed Paps's ghost (amateur GrFi)
  2870 | D:3      | Killed Paps's ghost
  2870 | D:3      | Reached skill level 5 in Maces & Flails
  2870 | D:3      | Reached XP level 6. HP: 15/37 MP: 6/6
  3257 | D:4      | Noticed Menkaure
  3563 | D:4      | Killed Menkaure
  3563 | D:4      | Reached * piety under Okawaru
  3563 | D:4      | Reached XP level 7. HP: 40/42 MP: 7/7
  3591 | D:4      | Reached skill level 6 in Maces & Flails
  3679 | D:4      | Noticed dscm's ghost (weakling OpEE)
  3692 | D:4      | Killed dscm's ghost
  4243 | D:4      | Reached ** piety under Okawaru
  4349 | D:4      | Reached XP level 8. HP: 8/48 MP: 8/8
  4660 | D:4      | Reached skill level 7 in Maces & Flails
  4661 | D:4      | Noticed Grinder
  4668 | D:4      | Paralysed by Grinder for 7 turns
  4685 | D:4      | Killed Grinder
  4685 | D:4      | Reached skill level 5 in Armour
  4685 | D:4      | Reached skill level 5 in Shields
  4888 | D:3      | Found a blossoming altar of Fedhas.
  4958 | D:5      | Entered Level 5 of the Dungeon
  5182 | D:4      | Reached skill level 8 in Maces & Flails
  5790 | D:5      | Reached *** piety under Okawaru
  5790 | D:5      | Reached skill level 5 in Fighting
  5790 | D:5      | Reached XP level 9. HP: 45/54 MP: 9/9
  6087 | D:6      | Reached skill level 9 in Maces & Flails
  6264 | D:6      | Found an opulent altar of Gozag.
  6881 | D:7      | Noticed Pikel
  6897 | D:6      | Killed Pikel
  6897 | D:6      | Reached skill level 10 in Maces & Flails
  7102 | D:7      | Reached **** piety under Okawaru
  7283 | D:7      | Found a white marble altar of Elyvilon.
  7322 | D:7      | Found a staircase to the Ecumenical Temple.
  7497 | D:7      | Found a radiant altar of Vehumet.
  7597 | D:7      | You fall through a shaft!
  7672 | D:8      | Found an opulent altar of Gozag.
  7684 | D:8      | Noticed Grum
  7688 | D:8      | Reached XP level 10. HP: 60/60 MP: 10/10
  7701 | D:8      | Killed Grum
  7701 | D:8      | Reached skill level 11 in Maces & Flails
  7961 | D:8      | Found a blossoming altar of Fedhas.
  8533 | D:8      | Reached ***** piety under Okawaru
  9141 | D:9      | Reached skill level 12 in Maces & Flails
  9947 | D:9      | Received a gift from Okawaru
  9947 | D:9      | Reached XP level 11. HP: 61/66 MP: 9/11
 10526 | D:10     | Entered Level 10 of the Dungeon
 10724 | D:10     | Found a staircase to the Lair.
 10742 | D:10     | Noticed Snorg
 10755 | D:10     | Killed Snorg
 11190 | D:10     | Reached skill level 13 in Maces & Flails
 11407 | D:10     | Noticed a hill giant
 11418 | D:10     | Killed a hill giant
 11910 | D:10     | Noticed a hill giant
 11918 | D:10     | Killed a hill giant
 12020 | D:10     | Noticed Slime's ghost (novice DDAr)
 12074 | D:10     | Killed Slime's ghost
 12074 | D:10     | Received a gift from Okawaru
 12246 | D:11     | Noticed a cyclops
 12259 | D:11     | Killed a cyclops
 12309 | D:11     | Noticed a brown ugly thing
 12318 | D:11     | Killed a brown ugly thing
 12318 | D:11     | Received a gift from Okawaru
 12325 | D:11     | Identified a +2 pair of boots of running (Okawaru gifted it to you on level 11 of the Dungeon)
 12375 | D:11     | Noticed a cyclops
 12385 | D:11     | Killed a cyclops
 12610 | D:11     | Reached skill level 14 in Maces & Flails
 12631 | D:11     | Noticed a hill giant
 12638 | D:11     | Killed a hill giant
 12638 | D:11     | Reached XP level 12. HP: 57/72 MP: 9/12
 13508 | D:11     | Reached ****** piety under Okawaru
 13698 | D:12     | Found a portal to a secret trove of treasure.
 14296 | D:12     | Noticed a five-headed hydra
 14316 | D:12     | Killed a five-headed hydra
 14782 | D:12     | Received a gift from Okawaru
 14862 | D:12     | Reached skill level 10 in Shields
 15175 | D:11     | Reached skill level 15 in Maces & Flails
 15628 | D:12     | Reached XP level 13. HP: 79/79 MP: 13/13
 16311 | D:12     | Found a staircase to the Orcish Mines.
 16352 | D:12     | Gained mutation: You evolve. [potion of mutation]
 16352 | D:12     | Gained mutation: Your body sometimes deteriorates upon taking damage. [potion of mutation]
 16352 | D:12     | Gained mutation: You possess an exceptional clarity of mind. [potion of mutation]
 16428 | Lair:1   | Entered Level 1 of the Lair of Beasts
 17098 | Lair:2   | Gained mutation: You are partially covered in yellow scales. (AC +2) [evolution]
 17819 | Lair:3   | Received a gift from Okawaru
 17887 | Lair:3   | Noticed Rupert
 17901 | Lair:3   | Killed Rupert
 17901 | Lair:3   | Reached skill level 10 in Armour
 18234 | Lair:3   | Found a frozen archway.
 18257 | IceCv    | Entered an ice cave
 18257 | IceCv    | Noticed dscm's ghost (journeyman OpFi)
 19009 | Lair:3   | Got a crude golden ring
 19103 | Lair:3   | Identified the ring "Katsoybb" {Wiz *Contam rPois Str+7} (You found it on level 3 of the Lair of Beasts)
 19369 | Lair:4   | Found a hole to the Spider Nest.
 19516 | Lair:4   | Received a gift from Okawaru
 19517 | Lair:4   | Got a faintly glowing great mace {god gift}
 19523 | Lair:4   | Identified the +11 great mace "Oxaebuer" {flame, rC+ MR+ Int+3} (Okawaru gifted it to you on level 4 of the Lair of Beasts)
 19856 | Lair:4   | Gained mutation: You are frail. (-10% HP) [potion of mutation]
 19856 | Lair:4   | Gained mutation: Your mind is acute. (Int +2) [potion of mutation]
 19856 | Lair:4   | Lost mutation: You evolve. [potion of mutation]
 20090 | Lair:4   | Found a staircase to the Swamp.
 20100 | Lair:4   | Reached skill level 16 in Maces & Flails
 20738 | Lair:5   | Gained mutation: Your large and strong wings let you fly indefinitely. [Gargoyle growth]
 20738 | Lair:5   | Reached XP level 14. HP: 78/78 MP: 14/14
 20765 | Lair:5   | Found a staircase to the Slime Pits.
 20801 | Lair:5   | Reached skill level 10 in Fighting
 20874 | Lair:5   | Received a gift from Okawaru
 21805 | Lair:6   | Entered Level 6 of the Lair of Beasts
 21823 | Lair:6   | Reached skill level 17 in Maces & Flails
 21860 | Lair:6   | Gained mutation: You have a pair of small antennae on your head. [potion of beneficial mutation]
 21861 | Lair:6   | Gained mutation: You are resistant to hostile enchantments. (MR+) [potion of beneficial mutation]
 21871 | Lair:6   | Noticed evildog's ghost (journeyman MiFi)
 22075 | Lair:6   | Killed evildog's ghost
 22439 | Lair:6   | Found a glowing silver altar of Zin.
 23057 | Lair:6   | Received a gift from Okawaru
 23151 | Lair:6   | Noticed a dire elephant
 23151 | Lair:6   | Noticed a dire elephant
 23160 | Lair:6   | Killed a dire elephant
 23165 | Lair:6   | Killed a dire elephant
 23374 | Lair:6   | Reached skill level 18 in Maces & Flails
 23462 | Lair:6   | Noticed a dire elephant
 23464 | Lair:6   | Noticed a dire elephant
 23470 | Lair:6   | Killed a dire elephant
 23473 | Lair:6   | Killed a dire elephant
 23473 | Lair:6   | Reached XP level 15. HP: 54/84 MP: 8/15
 23960 | Orc:1    | Entered Level 1 of the Orcish Mines
 23963 | Orc:1    | Noticed Maurice
 24307 | D:12     | Killed Maurice
 24952 | Orc:2    | Entered Level 2 of the Orcish Mines
 24952 | Orc:2    | Found a staircase to the Elven Halls.
 25114 | Orc:2    | Found a bloodstained altar of Trog.
 25157 | Orc:2    | Gained mutation: You occasionally shout uncontrollably at your foes. [a neqoxec]
 25496 | Orc:1    | Found Nufurhur's Armour Shoppe.
 26130 | Orc:2    | Noticed Josephine
 26138 | Orc:2    | Killed Josephine
 26273 | Orc:2    | Received a gift from Okawaru
 26289 | Orc:2    | Got a twisted demon trident {god gift}
 26290 | Orc:2    | Identified the +2 demon trident of a wizard's laboratory {freeze, MR- Int+3 Dex+8} (Okawaru gifted it to you on level 2 of the Orcish Mines)
 26715 | Orc:2    | Reached skill level 19 in Maces & Flails
 27794 | Orc:2    | Found Sessim's Magic Scroll Boutique.
 27794 | Orc:2    | Found Nagehu's Jewellery Emporium.
 27796 | Orc:2    | Found Dedaib's Armour Emporium.
 27796 | Orc:2    | Found Vahoisadgh's Antique Armour Boutique.
 27809 | Orc:2    | Bought a twisted plate armour for 980 gold pieces
 27819 | Orc:2    | Identified the cursed +0 plate armour of Gouqoxa {*Drain MR+ Int+2} (You bought it in a shop on level 2 of the Orcish Mines)
 27822 | Orc:2    | Bought a scroll of enchant armour for 105 gold pieces
 27822 | Orc:2    | Bought a scroll of enchant armour for 105 gold pieces
 27822 | Orc:2    | Bought a scroll of holy word for 105 gold pieces
 28112 | Swamp:1  | Entered Level 1 of the Swamp
 28326 | Swamp:1  | Received a gift from Okawaru
 28713 | Swamp:1  | Noticed Louise
 28758 | Swamp:1  | Killed Louise
 29319 | Swamp:1  | Got a shimmering quarterstaff
 29320 | Swamp:1  | Identified the +3 quarterstaff of Peace {vamp, rF+} (You found it on level 1 of the Swamp)
 29667 | Swamp:2  | Reached XP level 16. HP: 92/92 MP: 16/16
 30283 | Swamp:2  | Received a gift from Okawaru
 30606 | Swamp:2  | Reached skill level 20 in Maces & Flails
 31013 | Swamp:3  | Found an ancient bone altar of Kikubaaqudgha.
 31508 | Swamp:4  | Entered Level 4 of the Swamp
 31790 | Swamp:4  | Received a gift from Okawaru
 31842 | Swamp:4  | HP: 2/94 [six-headed hydra (6)]
 31842 | Swamp:4  | Mangled by a swamp dragon

Skill      XL: |  1  2  3  4  5  6  7  8  9 10 11 12 13 14 15 16 |
---------------+-------------------------------------------------+-----
Maces & Flails | 3 5 6 8 10 12 14 15 16 18 19 20 | 20.4
Dodging        | 1 2 3 4 |  4.6
Shields        | 4 5 6 7 9 10 11 | 11.3
Armour         | 4 5 7 8 9 10 11 12 | 12.6
Fighting       | 4 5 6 7 8 9 11 12 13 | 13.8

Action                   |  1- 3 |  4- 6 |  7- 9 | 10-12 | 13-15 | 16-18 || total
-------------------------+-------+-------+-------+-------+-------+-------++-------
Melee: Flail             |   100 |   224 |   488 |  1057 |   198 |       ||  2067
       Eveningstar       |       |       |       |       |   145 |       ||   145
       Great mace        |       |       |       |       |   808 |   261 ||  1069
  Use: Scroll            |     4 |       |       |     1 |    26 |     4 ||    35
       Potion            |     3 |     1 |       |     6 |    11 |     1 ||    22
 Stab: Distracted        |       |       |       |     1 |       |       ||     1
  Eat: Chunk             |     1 |     7 |    14 |    23 |    40 |     4 ||    89
       Bread ration      |       |       |       |     2 |     1 |     1 ||     4
       Beef jerky        |       |       |       |     1 |       |       ||     1
Armor: Scale mail        |    57 |   136 |    97 |       |       |       ||   290
       Skin              |    16 |       |       |       |       |       ||    16
       Chain mail        |       |       |   174 |   386 |   690 |       ||  1250
       Plate armour      |       |       |       |   252 |   189 |   278 ||   719
Dodge: Dodged            |    37 |    65 |   135 |   271 |   519 |   118 ||  1145
Block: Shield            |    88 |    90 |   251 |   566 |   166 |       ||  1161
